General information
- name: BNet
- type: Ladder team game (AT/RT)
- host: Battle.net
- saver: fineX
map: Highperch
- players: 6
- length: 20:45
- speed: Fast
- version: 1.23 W3XP
- replay type: Public
» download(136 KB)
Players
team 1 (loser)
alswjd2 (
purple | 85 APM | 1763 actions | 20:43)
2 Demon Hunter
1 Mana Burn
1 Evasion
1 Warden
1 Shadow Strike
» actions
| Basic commands | 58 | |
| Build / train | 90 | |
| ESC pressed | 1 | |
| Enter build submenu | 33 | |
| Enter hero's abilities submenu | 4 | |
| Remove unit from queue | 3 | |
| Right click | 947 | |
| Select / deselect | 572 | |
| Use ability | 55 | |
1763 total
» units
| Wisp | 33 | |
| Huntress | 5 | |
| Archer | 4 | |
| Hippogryph | 11 | |
| Chimaera | 5 | |
58 total
» upgrades
| Improved Bows | 1 | |
| Hippogryph Taming | 1 | |
| Upgrade Moon Glaive | 1 | |
| Sentinel | 1 | |
| Strength of the Moon | 1 | |
| Strength of the Wild | 2 | |
| Corrosive Breath | 1 | |
8 total
» buildings
| Altar of Elders | 1 | |
| Moon Well | 8 | |
| Ancient of War | 1 | |
| Hunter's Hall | 1 | |
| Ancient of Wonders | 1 | |
| Tree of Ages | 3 | |
| Tree of Life | 1 | |
| Ancient Protector | 10 | |
| Ancient of Wind | 3 | |
| Tree of Eternity | 4 | |
| Chimaera Roost | 3 | |
36 total
» build order
00:05 Altar of Elders
00:08 Moon Well
01:59 Ancient of War
02:05 Hunter's Hall
02:09 Moon Well
02:22 Ancient of Wonders
02:45 Moon Well
04:21 Tree of Ages
04:22 Tree of Ages
06:08 Moon Well
06:29 Tree of Life
07:00 Ancient Protector
07:03 Ancient Protector
07:07 Ancient Protector
07:45 Ancient of Wind
08:15 Tree of Eternity
08:15 Tree of Eternity
08:15 Tree of Eternity
10:35 Moon Well
11:30 Chimaera Roost
11:36 Chimaera Roost
14:02 Ancient of Wind
14:09 Ancient Protector
14:12 Ancient Protector
14:15 Ancient Protector
14:17 Ancient Protector
14:25 Moon Well
16:04 Ancient of Wind
16:10 Ancient Protector
16:15 Chimaera Roost
16:48 Moon Well
17:50 Ancient Protector
17:54 Ancient Protector
18:07 Moon Well
» items
jagary (
red | 51 APM | 1038 actions | 20:16)
3 Blademaster
2 Critical Strike
1 Wind Walk
1 Shadow Hunter
1 Healing Wave
1 Tauren Chieftain
1 Endurance Aura
» actions
| Assign group hotkey | 52 | |
| Basic commands | 53 | |
| Build / train | 65 | |
| ESC pressed | 1 | |
| Enter build submenu | 14 | |
| Enter hero's abilities submenu | 5 | |
| Give item / drop item | 2 | |
| Right click | 413 | |
| Select / deselect | 238 | |
| Select group hotkey | 156 | |
| Use ability | 39 | |
1038 total
» units
| Peon | 11 | |
| Grunt | 4 | |
| Centaur Outrunner | 1 | |
| Shaman | 6 | |
| Harpy Rogue | 1 | |
| Troll Witch Doctor | 8 | |
| Demolisher | 3 | |
34 total
» upgrades
| Berserker Strength | 1 | |
| Pillage | 1 | |
| Armor | 2 | |
| Shaman Training | 2 | |
| Witch Doctor Training | 2 | |
| Burning Oil | 1 | |
| Reinforced Defenses | 1 | |
10 total
» buildings
| Altar of Storms | 1 | |
| Orc Burrow | 7 | |
| Barracks | 1 | |
| Stronghold | 1 | |
| Voodoo Lounge | 1 | |
| War Mill | 1 | |
| Fortress | 1 | |
| Spirit Lodge | 2 | |
15 total
» build order
00:09 Altar of Storms
00:15 Orc Burrow
00:41 Barracks
01:35 Orc Burrow
02:35 Stronghold
04:29 Voodoo Lounge
05:42 Orc Burrow
05:43 Orc Burrow
06:44 War Mill
08:18 Fortress
08:21 Spirit Lodge
10:14 Spirit Lodge
13:39 Orc Burrow
14:59 Orc Burrow
16:38 Orc Burrow
» items
| Healing Salve | 4 | |
| Scroll of Speed | 1 | |
| Scroll of Healing | 2 | |
| Scroll of Protection | 2 | |
| Boots of Speed | 1 | |
| Dust of Appearance | 1 | |
11 total
wjdgmlfjqm (
blue | 51 APM | 1037 actions | 20:20)
2 Dreadlord
1 Carrion Swarm
1 Vampiric Aura
» actions
| Assign group hotkey | 10 | |
| Basic commands | 47 | |
| Build / train | 56 | |
| Enter build submenu | 15 | |
| Enter hero's abilities submenu | 2 | |
| Right click | 511 | |
| Select / deselect | 344 | |
| Select group hotkey | 27 | |
| Use ability | 24 | |
1037 total
» units
| Acolyte | 8 | |
| Ghoul | 6 | |
| Necromancer | 9 | |
| Meatwagon | 9 | |
| Gargoyle | 1 | |
33 total
» upgrades
| Unholy Strength | 3 | |
| Unholy Armor | 3 | |
| Skeletal Longevity | 1 | |
| Exhume Corpses | 1 | |
| Necromancer Training | 2 | |
| Skeletal Mastery | 1 | |
| Ghoul Frenzy | 1 | |
| Cannibalize | 1 | |
13 total
» buildings
| Altar of Darkness | 1 | |
| Crypt | 1 | |
| Ziggurat | 6 | |
| Graveyard | 1 | |
| Halls of the Dead | 1 | |
| Temple of the Damned | 3 | |
| Slaughterhouse | 1 | |
| Nerubian Tower | 1 | |
| Spirit Tower | 4 | |
| Black Citadel | 1 | |
20 total
» build order
00:08 Altar of Darkness
00:14 Crypt
00:18 Ziggurat
00:22 Ziggurat
01:27 Graveyard
02:22 Halls of the Dead
02:36 Ziggurat
03:49 Ziggurat
04:57 Temple of the Damned
05:00 Temple of the Damned
05:06 Temple of the Damned
05:18 Slaughterhouse
05:22 Nerubian Tower
05:23 Spirit Tower
05:24 Spirit Tower
05:58 Black Citadel
10:53 Ziggurat
10:55 Ziggurat
15:02 Spirit Tower
15:03 Spirit Tower
team 2 (winner)
Erz (
orange | 110 APM | 2281 actions | 20:44)
5 Blademaster
3 Wind Walk
2 Critical Strike
2 Shadow Hunter
1 Hex
1 Healing Wave
» actions
| Assign group hotkey | 468 | |
| Basic commands | 43 | |
| Build / train | 80 | |
| ESC pressed | 2 | |
| Enter build submenu | 28 | |
| Enter hero's abilities submenu | 7 | |
| Give item / drop item | 12 | |
| Right click | 956 | |
| Select / deselect | 128 | |
| Select group hotkey | 413 | |
| Use ability | 144 | |
2281 total
» units
» upgrades
| Reinforced Defenses | 1 | |
| Ranged Weapons | 3 | |
| Armor | 3 | |
| Liquid Fire | 2 | |
9 total
» buildings
| Altar of Storms | 1 | |
| War Mill | 1 | |
| Orc Burrow | 2 | |
| Watch Tower | 21 | |
| Voodoo Lounge | 2 | |
| Stronghold | 1 | |
| Fortress | 1 | |
| Great Hall | 2 | |
| Beastiary | 4 | |
35 total
» build order
00:06 Altar of Storms
00:14 War Mill
00:24 Orc Burrow
01:37 Watch Tower
02:16 Watch Tower
02:26 Voodoo Lounge
02:30 Voodoo Lounge
02:45 Watch Tower
03:11 Stronghold
03:34 Watch Tower
03:49 Watch Tower
04:05 Orc Burrow
04:45 Watch Tower
04:47 Watch Tower
04:47 Watch Tower
04:49 Watch Tower
05:18 Watch Tower
05:46 Fortress
07:11 Great Hall
07:17 Watch Tower
07:18 Watch Tower
07:30 Great Hall
08:57 Watch Tower
08:58 Watch Tower
08:59 Watch Tower
09:00 Watch Tower
09:00 Watch Tower
09:01 Watch Tower
10:59 Beastiary
11:00 Beastiary
11:01 Beastiary
11:01 Beastiary
15:41 Watch Tower
15:41 Watch Tower
15:42 Watch Tower
» items
| Boots of Speed | 1 | |
| Circlet of Nobility | 1 | |
| Dust of Appearance | 1 | |
| Staff of Teleportation | 1 | |
| Healing Salve | 4 | |
| Lesser Clarity Potion | 6 | |
| Orb of Lightning | 1 | |
| Potion of Lesser Invulnerability | 7 | |
22 total
fineX (
green | 68 APM | 1405 actions | 20:45)
3 Archmage
2 Blizzard
1 Brilliance Aura
» actions
| Assign group hotkey | 234 | |
| Build / train | 79 | |
| Enter build submenu | 37 | |
| Enter hero's abilities submenu | 3 | |
| Give item / drop item | 1 | |
| Right click | 585 | |
| Select / deselect | 187 | |
| Select group hotkey | 178 | |
| Use ability | 101 | |
1405 total
» units
| Peasant | 14 | |
| Priest | 1 | |
| Mortar Team | 5 | |
| Sorceress | 2 | |
22 total
» upgrades
| Masonry | 3 | |
| Lumber Harvesting | 2 | |
| Magic Sentry | 1 | |
| Gunpowder | 3 | |
| Armor | 2 | |
| Flare | 1 | |
| Fragmentation Shards | 1 | |
| Sorceress Training | 1 | |
14 total
» buildings
| Altar of Kings | 1 | |
| Farm | 11 | |
| Lumber Mill | 1 | |
| Scout Tower | 36 | |
| Arcane Tower | 5 | |
| Guard Tower | 19 | |
| Arcane Vault | 1 | |
| Keep | 1 | |
| Blacksmith | 1 | |
| Arcane Sanctum | 1 | |
| Castle | 1 | |
| Workshop | 2 | |
| Cannon Tower | 3 | |
83 total
» build order
00:03 Altar of Kings
00:05 Farm
00:16 Lumber Mill
00:39 Scout Tower
00:51 Farm
01:34 Arcane Tower
01:34 Arcane Tower
01:53 Scout Tower
01:55 Scout Tower
02:04 Scout Tower
02:22 Guard Tower
02:47 Scout Tower
02:48 Guard Tower
02:54 Scout Tower
03:10 Scout Tower
03:11 Scout Tower
03:30 Guard Tower
03:36 Scout Tower
03:37 Scout Tower
03:38 Scout Tower
03:50 Guard Tower
04:10 Arcane Vault
04:12 Scout Tower
04:29 Guard Tower
04:47 Arcane Tower
05:16 Guard Tower
05:17 Scout Tower
05:18 Scout Tower
05:18 Scout Tower
05:34 Keep
05:41 Scout Tower
05:42 Scout Tower
05:42 Scout Tower
05:46 Guard Tower
06:29 Scout Tower
06:30 Scout Tower
06:31 Scout Tower
06:31 Scout Tower
06:32 Scout Tower
06:33 Guard Tower
06:51 Guard Tower
08:04 Blacksmith
08:11 Guard Tower
08:20 Scout Tower
08:21 Scout Tower
08:51 Scout Tower
09:04 Arcane Sanctum
09:17 Castle
09:41 Arcane Tower
09:49 Guard Tower
10:05 Guard Tower
10:11 Scout Tower
10:16 Scout Tower
10:17 Scout Tower
10:51 Workshop
10:55 Workshop
11:23 Arcane Tower
11:36 Guard Tower
13:17 Farm
13:17 Farm
13:19 Farm
13:22 Scout Tower
13:24 Scout Tower
13:24 Scout Tower
13:25 Scout Tower
13:56 Guard Tower
14:13 Cannon Tower
14:19 Guard Tower
14:38 Cannon Tower
14:44 Cannon Tower
14:50 Guard Tower
14:54 Farm
14:55 Farm
15:12 Guard Tower
15:16 Scout Tower
15:18 Scout Tower
15:21 Scout Tower
16:11 Guard Tower
16:53 Guard Tower
18:56 Farm
18:59 Farm
19:00 Farm
19:00 Farm
» items
| Healing Salve | 1 | |
| Ivory Tower | 8 | |
| Boots of Speed | 1 | |
10 total
nonent (
teal | 75 APM | 1550 actions | 20:44)
5 Blademaster
3 Wind Walk
2 Critical Strike
» actions
| Assign group hotkey | 9 | |
| Basic commands | 1 | |
| Build / train | 49 | |
| Enter build submenu | 11 | |
| Enter hero's abilities submenu | 5 | |
| Give item / drop item | 8 | |
| Remove unit from queue | 2 | |
| Right click | 573 | |
| Select / deselect | 127 | |
| Select group hotkey | 710 | |
| Use ability | 55 | |
1550 total
» units
» upgrades
| Ranged Weapons | 3 | |
| Armor | 3 | |
| Liquid Fire | 1 | |
7 total
» buildings
| Orc Burrow | 4 | |
| Altar of Storms | 1 | |
| War Mill | 1 | |
| Stronghold | 1 | |
| Beastiary | 3 | |
| Fortress | 1 | |
| Voodoo Lounge | 1 | |
| Watch Tower | 4 | |
16 total
» build order
00:22 Orc Burrow
00:26 Altar of Storms
00:35 War Mill
01:09 Orc Burrow
03:18 Stronghold
04:01 Orc Burrow
05:40 Beastiary
05:41 Beastiary
05:42 Beastiary
06:12 Fortress
07:03 Voodoo Lounge
10:13 Orc Burrow
13:45 Watch Tower
13:46 Watch Tower
13:48 Watch Tower
13:49 Watch Tower
» items
| Lesser Clarity Potion | 3 | |
| Healing Salve | 2 | |
| Staff of Teleportation | 1 | |
| Circlet of Nobility | 2 | |
| Orb of Lightning | 1 | |
| Scroll of Town Portal | 1 | |
10 total
Chat log
(00:09 / Allies) nonent: maybe hold points until tinker
(00:19 / Allies) nonent: finex left i'll get right
(00:21 / Allies) fineX: ok
(00:23 / Allies) fineX: nigger
(00:30 / All) fineX: hey
(00:31 / All) fineX: nigger
(00:33 / All) fineX: GL HF
(00:34 / All) fineX: nigger
(00:39 / All) nonent: NIGGER
(00:57 / All) fineX: where u guys from?
(00:58 / All) fineX: nigger
(01:31 / All) alswjd2: your mother made in china
(02:03 / Allies) Erz: finex lum me
(02:06 / Allies) Erz: since u slow gay
(02:06 / Allies) fineX: wtf
(02:09 / Allies) fineX: how u think i have lum
(02:12 / Allies) nonent: ill lum u
(02:17 / Allies) nonent: wana gonna tower lolz
(02:47 / Allies) Erz: im good now
(02:52 / Allies) nonent: k
(03:23 / All) fineX: stop following
(03:25 / All) fineX: nigger
(03:29 / All) nonent: NIGGER
(03:42 / All) fineX: stop it
(03:43 / All) fineX: nigger
(03:49 / All) alswjd2: fuck you
(03:54 / All) Erz: manner
(04:02 / All) fineX: go away
(04:04 / All) fineX: nigger
(04:15 / All) fineX: leave me alone
(04:16 / All) fineX: nigger
(04:38 / Allies) fineX: thx erz pro
(05:36 / All) fineX: everythigni have
(06:06 / Allies) Erz: share
(06:31 / Allies) Erz: oh
(06:32 / Allies) Erz: wait
(06:37 / Allies) Erz: its funny
(06:40 / Allies) fineX: what is funny
(06:41 / Allies) fineX: nigger
(06:41 / Allies) Erz: i thought finex was the other orc
(06:51 / Allies) Erz: never expect dis noob to play human
(06:56 / Allies) fineX: your gay
(06:57 / Allies) fineX: nigger
(07:45 / Allies) fineX: im gay nooby
(07:45 / Allies) Erz: fuk noob
(07:46 / Allies) fineX: nigger
(07:50 / Allies) Erz: lmao
(08:00 / All) nonent: NOOB
(08:08 / All) nonent: MY TEAMMATE BOON
(08:42 / Allies) Erz: sight tower sometime on other side
(08:46 / Allies) fineX: ok
(09:00 / Allies) fineX: lum
(09:05 / Allies) Erz: 0
(10:28 / Allies) fineX: peonzz
(10:30 / All) nonent: FINEX COMES HOME WITH SEMEN DRIPPING FROM HIS A-HOLE
(10:34 / Allies) fineX: lym plz
(10:36 / Allies) fineX: nigger
(10:38 / All) fineX: ummmmmmm
(10:39 / All) alswjd2: fuck you
(10:39 / All) fineX: nigger
(10:45 / All) fineX: lol hes mad cuz i bsed him
(10:46 / All) fineX: nigger
(10:54 / All) alswjd2: fuck you
(11:37 / All) nonent: NEVER GIVING THIS FAG CONTROL AGAIN
(11:41 / All) fineX: lmao
(11:42 / All) fineX: nigger
(11:43 / All) nonent: SUICIDED ME LAST GAME
(11:49 / All) alswjd2: fuck you
(11:55 / All) fineX: go visit blue nigger lmao
(11:59 / All) fineX: nigger
(12:32 / Allies) nonent: SICK
(12:38 / All) nonent: kill self
(13:01 / Allies) nonent: im outie
(13:28 / Allies) fineX: bat plz
(13:35 / Allies) Erz: necros
(15:07 / Allies) nonent: nice chimxzzz
(15:32 / Allies) Erz: priests plzzz
(15:34 / Allies) nonent: gonna bat chimzzzz
(16:01 / Allies) fineX: priest on the way
(16:25 / Allies) fineX: gimme glod
(16:31 / Allies) fineX: nigger
(16:42 / Allies) nonent: thx
(16:58 / Allies) nonent: wardzzzz
(17:03 / Allies) fineX: i hope they attk
(17:07 / Allies) fineX: wanna c their shit smashed to bits
(18:03 / Allies) nonent: checkdat
(19:56 / All) fineX: YOU SHALL NOT PASS
(19:59 / All) fineX: NIGGER
(20:16 / All) fineX: lmao
(20:17 / All) fineX: nigger
(20:18 / All) fineX: leave
(20:19 / All) fineX: nigger
(20:20 / All) nonent: Stay
(20:20 / All) fineX: you suck
(20:21 / All) fineX: nigger
(20:42 / Allies) fineX: see that gandalf shit
(20:43 / Allies) fineX: lmao